[Event "January 9 Late 2024"]
[Site "https://www.chess.com"]
[Date "2024.01.09"]
[Round "4"]
[White "Rozman, Levy"]
[Black "Play, Gilles"]
[Result "1-0"]
[Board "83"]
[TimeControl "180+1"]
[WhiteFideId "2039877"]
[BlackFideId "45130892"]
[WhiteElo "2710"]
[BlackElo "2525"]
[WhiteTeam "USA"]
[BlackTeam "FRA"]
[WhiteClock "0:00:14"]
[BlackClock "0:00:12"]

1. e4 d5 2. exd5 Nf6 3. Bb5+ Bd7 4. Bc4 Bg4 5. f3 Bf5 6. Nc3 Nbd7 7. g4 Nb6 8. Qe2 Bg6 9. h4 h5 10. g5 Nxc4 11. Qxc4 Nd7 12. Nge2 a6 13. Nf4 Bxc2 14. d3 b5 15. Qd4 b4 16. Ne4 Ba4 17. g6 fxg6 18. Ne6 Qc8 19. Bf4 Bb5 20. Nxc7+ Kf7 21. Rc1 Nf6 22. Ng5+ Kg8 23. Nxb5 Qf5 24. Nc7 Rd8 25. Nce6 Rxd5 26. Rc8 Nd7 27. Qxg7# 1-0

[Event "January 9 Late 2024"]
[Site "https://www.chess.com"]
[Date "2024.01.10"]
[Round "4"]
[White "Otero Marino, Alain"]
[Black "Martinez Ramirez, Lennis"]
[Result "1-0"]
[Board "84"]
[TimeControl "180+1"]
[WhiteFideId "3524876"]
[BlackFideId "3509079"]
[WhiteElo "2502"]
[BlackElo "2705"]
[WhiteTeam "CUB"]
[BlackTeam "CUB"]
[WhiteClock "0:00:36"]
[BlackClock "0:00:00"]

1. d4 Nf6 2. Nf3 b6 3. e3 Bb7 4. Be2 g6 5. O-O Bg7 6. c4 O-O 7. b3 c5 8. Bb2 cxd4 9. Nxd4 Nc6 10. Nd2 Qc7 11. N2f3 Rad8 12. Rc1 Qb8 13. Qc2 a6 14. Rfd1 Qa8 15. Bf1 Nb4 16. Qb1 Be4 17. Qa1 d6 18. a3 Nc6 19. Nxc6 Bxc6 20. Nd4 Bb7 21. b4 Rc8 22. Nb3 Rfd8 23. Bd4 Ne8 24. Bxg7 Nxg7 25. Qd4 b5 26. Na5 Ne6 27. Qb6 Rb8 28. cxb5 axb5 29. Nxb7 Rxb7 30. Qc6 Rc7 31. Qxa8 Rxa8 32. Bxb5 Rxa3 33. Bc4 Rb7 34. b5 Ra4 35. Bd5 Rb8 36. Rb1 Nc7 37. Bc6 Rc4 38. Rdc1 Rc5 39. Rxc5 dxc5 40. b6 Na6 41. b7 Nb4 42. Bf3 Kg7 43. Ra1 1-0

[Event "January 9 Late 2024"]
[Site "https://www.chess.com"]
[Date "2024.01.10"]
[Round "4"]
[White "Saha, Ananda"]
[Black "Adewumi, Tanitoluwa"]
[Result "0-1"]
[Board "85"]
[TimeControl "180+1"]
[WhiteFideId "2619644"]
[BlackFideId "30966396"]
[WhiteElo "2499"]
[BlackElo "2705"]
[WhiteTeam "CAN"]
[BlackTeam "USA"]
[WhiteClock "0:00:02"]
[BlackClock "0:00:05"]

1. d4 Nf6 2. Bg5 e6 3. Nd2 h6 4. Bxf6 Qxf6 5. Ngf3 d6 6. e3 g5 7. Bd3 Bg7 8. c3 Nc6 9. h3 Bd7 10. Qe2 O-O-O 11. a4 h5 12. a5 g4 13. Ng1 e5 14. a6 b6 15. d5 Ne7 16. c4 e4 17. Nxe4 Qxb2 18. Qxb2 Bxb2 19. Rb1 Bg7 20. Ne2 Rde8 21. Kd2 gxh3 22. gxh3 Ng6 23. f4 Nh4 24. Ng5 Re7 25. Rbf1 Rhe8 26. e4 f5 27. Ng3 fxe4 28. N3xe4 Bh6 29. Re1 Bf5 30. Kc2 Bxg5 31. Nxd6+ cxd6 32. Rxe7 Rxe7 33. Bxf5+ Nxf5 34. fxg5 h4 35. Kc3 Rg7 36. Rf1 Rxg5 37. Kb4 Kd7 38. Rf3 Ne7 39. Rf4 Rxd5 40. Rxh4 Ra5 41. Rh7 Rxa6 42. h4 Ra1 43. h5 Rh1 44. Kb5 Ke6 45. Ka6 Ra1+ 46. Kb5 Ra5+ 47. Kb4 Kf6 48. Rh8 Kg7 49. Re8 Kf7 50. Rh8 Ng8 51. Rh7+ Kf6 52. Rd7 Ke6 53. Rg7 Nf6 54. h6 Rh5 55. Rxa7 Rxh6 56. Rb7 Nd7 57. Ra7 Rh4 58. Ra1 Ne5 59. Kb5 Rxc4 60. Kxb6 Rc5 61. Rd1 Rd5 62. Re1 Rc5 63. Rd1 Rc2 64. Kb5 d5 65. Kb4 Nc6+ 66. Kb3 Rc4 67. Re1+ Kd6 68. Rh1 Kc5 69. Rh8 Na5+ 70. Kb2 Kd4 71. Rh4+ Kc5 72. Rh8 d4 73. Rc8+ Nc6 74. Rd8 Rc3 75. Rd7 Kc4 76. Rd6 Nb4 77. Rd8 Rc2+ 78. Kb1 d3 79. Rc8+ Kb3 80. Rd8 d2 81. Rd7 Rc1# 0-1

[Event "January 9 Late 2024"]
[Site "https://www.chess.com"]
[Date "2024.01.09"]
[Round "4"]
[White "Novik, Maxim"]
[Black "Manolache, Marius"]
[Result "1-0"]
[Board "86"]
[TimeControl "180+1"]
[WhiteFideId "4102924"]
[BlackFideId "1201530"]
[WhiteElo "2497"]
[BlackElo "2702"]
[WhiteTeam "LTU"]
[BlackTeam "ROU"]
[WhiteClock "0:01:47"]
[BlackClock "0:01:56"]

1. e4 c5 2. Nf3 e6 3. c3 d5 4. e5 d4 5. cxd4 cxd4 6. Bd3 Ne7 7. O-O Nec6 8. Be4 Be7 9. d3 O-O 10. Re1 Bd7 11. Bf4 Na6 12. Nbd2 Nc5 13. Rc1 Rc8 14. Rxc5 Bxc5 15. Bxh7+ Kxh7 16. Ng5+ Kg6 17. Qg4 f5 18. Qg3 Qe7 19. Ndf3 Rh8 20. Nh4+ Rxh4 21. Qxh4 Nxe5 22. Qh7+ Kf6 23. Bxe5+ Kxg5 24. h4+ 1-0

[Event "January 9 Late 2024"]
[Site "https://www.chess.com"]
[Date "2024.01.09"]
[Round "4"]
[White "Tarhan, Adar"]
[Black "Lopusiewicz, Piotr"]
[Result "1-0"]
[Board "87"]
[TimeControl "180+1"]
[WhiteFideId "34544712"]
[BlackFideId "1116029"]
[WhiteElo "2700"]
[BlackElo "2495"]
[WhiteTeam "TUR"]
[BlackTeam "POL"]
[WhiteClock "0:00:33"]
[BlackClock "0:00:23"]

1. Nf3 Nf6 2. g3 c5 3. Bg2 Nc6 4. O-O d5 5. c4 d4 6. e3 e5 7. exd4 exd4 8. d3 Be7 9. Bg5 O-O 10. Re1 h6 11. Bxf6 Bxf6 12. Nbd2 Bf5 13. Ne4 Be7 14. h3 Qc7 15. a3 a5 16. g4 Bd7 17. Ng3 Rfe8 18. Qd2 Bf8 19. Rxe8 Rxe8 20. Re1 Rxe1+ 21. Qxe1 g6 22. Nd2 Qe5 23. Qxe5 Nxe5 24. Be4 Bc6 25. Bxc6 bxc6 26. Nb3 Nxd3 27. Nxa5 Nxb2 28. Nxc6 Nxc4 29. a4 d3 30. Kf1 Bg7 31. Ne4 Bd4 32. a5 f5 33. gxf5 gxf5 34. Ng3 d2 35. Ke2 Bxf2 36. Nxf5 Be1 37. a6 Nb6 38. Nxh6+ Kh7 39. Nf5 c4 40. Nfd4 Nd5 41. Nb5 Nb6 42. a7 Kg6 43. Ne5+ Kf5 44. Nxc4 Na8 45. Nxd2 Bxd2 46. Kxd2 Ke5 47. Kc3 Kd5 48. Kb4 Kc6 49. h4 Kb7 50. h5 Nb6 51. h6 Nd5+ 52. Kc5 Nf6 53. Kd6 Ka8 54. Ke6 Nh7 55. Ke7 Kb7 56. Kd7 Nf6+ 57. Ke6 Nh7 58. Kf5 Nf8 59. Kf6 Nh7+ 60. Kg7 Ng5 61. Nd6+ Kxa7 62. Nf7 Ne6+ 63. Kg8 1-0

[Event "January 9 Late 2024"]
[Site "https://www.chess.com"]
[Date "2024.01.09"]
[Round "4"]
[White "Llorente Zaro, Alfonso"]
[Black "Grochal, Joey"]
[Result "1-0"]
[Board "88"]
[TimeControl "180+1"]
[WhiteFideId "2254131"]
[BlackFideId "1019945"]
[WhiteElo "2692"]
[BlackElo "2488"]
[WhiteTeam "ESP"]
[BlackTeam "NED"]
[WhiteClock "0:00:04"]
[BlackClock "0:00:22"]

1. e4 e5 2. Nf3 Nc6 3. Nc3 Nf6 4. h3 Bb4 5. Nd5 Ba5 6. c3 O-O 7. d3 Nxd5 8. exd5 Nb8 9. Be2 d6 10. O-O c6 11. dxc6 Nxc6 12. Be3 h6 13. d4 e4 14. Nd2 f5 15. f4 Be6 16. Nxe4 fxe4 17. d5 Bd7 18. dxc6 Bxc6 19. Qd2 Qe7 20. Rad1 Rad8 21. Kh1 Bc7 22. c4 b6 23. Qc3 Bd7 24. b3 Qh4 25. Qe1 Qe7 26. Qg3 Bf5 27. Bg4 Qe6 28. Rd5 Bxg4 29. Qxg4 Qxg4 30. hxg4 Rde8 31. g3 Kf7 32. Kg2 Ke6 33. Rfd1 Kd7 34. Kf1 Kc6 35. Ke2 Rh8 36. Rh1 g6 37. Bd4 Rh7 38. a4 Ree7 39. Ke3 Bd8 40. Bc3 Bc7 41. Rd4 a6 42. Rxe4 Rxe4+ 43. Kxe4 Kd7 44. Kd5 Bd8 45. Re1 Be7 46. Re6 h5 47. Rxg6 hxg4 48. Rg7 Rh6 49. f5 Ke8 50. Rxg4 Rh1 51. f6 Bf8 52. Re4+ Kf7 53. Re3 Rd1+ 54. Bd4 Rf1 55. Kc6 Rd1 56. Re4 Bh6 57. Kxb6 Rd3 58. Kxa6 Rxb3 59. g4 Rb4 60. a5 Rxc4 61. Kb5 Rc1 62. a6 Rb1+ 63. Kc6 Rc1+ 64. Kd5 Rc2 65. a7 Ra2 66. Re7+ Kg6 67. f7 Ra6 68. Re8 Kxf7 69. a8=Q Ra7 70. Qxa7+ 1-0

[Event "January 9 Late 2024"]
[Site "https://www.chess.com"]
[Date "2024.01.10"]
[Round "4"]
[White "Stremavicius, Titas"]
[Black "Pesotskiy, Mikhail"]
[Result "1-0"]
[Board "89"]
[TimeControl "180+1"]
[WhiteFideId "12804444"]
[BlackFideId "34164453"]
[WhiteElo "2691"]
[BlackElo "2486"]
[WhiteTeam "LTU"]
[BlackTeam "RUS"]
[WhiteClock "0:01:07"]
[BlackClock "0:01:08"]

1. Nf3 Nf6 2. g3 b6 3. Bg2 Bb7 4. O-O e6 5. c4 Be7 6. d4 O-O 7. Nc3 Ne4 8. Qc2 Nxc3 9. Qxc3 Be4 10. b3 d6 11. Qe3 Bb7 12. Bb2 Nd7 13. Qd3 Nf6 14. Nd2 Bxg2 15. Kxg2 c5 16. Rad1 cxd4 17. Qxd4 Qc7 18. e4 a6 19. Rfe1 b5 20. Rc1 Qb7 21. f3 Rfd8 22. Nf1 Rac8 23. Ne3 h6 24. Red1 Rc7 25. Qd3 Rdc8 26. Rc2 Nd7 27. Rdc1 Nc5 28. Qe2 Bf8 29. Bd4 Nd7 30. cxb5 Rxc2 31. Rxc2 Rxc2 32. Qxc2 axb5 33. a4 Nc5 34. a5 b4 35. Bxc5 dxc5 36. Qd3 Be7 37. a6 Qa7 38. Qb5 Bd6 39. Nc4 Bb8 40. Qb7 Kf8 41. Qxa7 Bxa7 42. Nd6 1-0

[Event "January 9 Late 2024"]
[Site "https://www.chess.com"]
[Date "2024.01.09"]
[Round "4"]
[White "Ladan, Nicholas"]
[Black "Skvortsov, Andrei"]
[Result "0-1"]
[Board "90"]
[TimeControl "180+1"]
[WhiteFideId "30918855"]
[BlackFideId "24108600"]
[WhiteElo "2485"]
[BlackElo "2681"]
[WhiteTeam "USA"]
[BlackTeam "MNE"]
[WhiteClock "0:01:19"]
[BlackClock "0:01:33"]

1. Nf3 g6 2. g3 Bg7 3. Bg2 e5 4. e4 Nf6 5. Nc3 O-O 6. O-O Re8 7. d3 c6 8. h3 d6 9. a4 a5 10. b3 Nfd7 11. Bb2 Nc5 12. d4 exd4 13. Nxd4 Nbd7 14. Nde2 Nf6 15. f3 d5 16. exd5 Nxd5 17. Nxd5 Bxb2 18. Rb1 Qxd5 19. Rxb2 Qxd1 20. Rxd1 Rxe2 21. Rd8+ Kg7 22. Bf1 Re7 23. c3 Ne6 24. Rd3 Rd7 25. Re3 Rd1 26. Kf2 Bd7 27. Bc4 Re8 28. b4 axb4 29. cxb4 Nc7 30. Rxe8 Nxe8 31. Re2 Kf8 32. b5 Rd4 33. Rc2 Nd6 34. bxc6 Bxc6 35. Be2 Rxa4 36. Rd2 Ke7 37. h4 h5 38. g4 hxg4 39. fxg4 Ne4+ 40. Ke3 Nxd2 41. Kxd2 Ra2+ 42. Ke3 Kf6 43. h5 gxh5 44. gxh5 Kg5 45. Bc4 Ra3+ 46. Kd4 f6 47. Bf7 Rh3 48. Kc5 Rxh5 49. Bxh5 Kxh5 50. Kd6 Kg4 51. Ke7 f5 52. Kf6 f4 53. Ke5 f3 54. Kd4 f2 55. Kc5 Kf3 56. Kb6 Ke2 57. Kc7 Kd2 58. Kb8 Ke3 59. Kc7 Kd4 60. Kb6 Kc4 61. Ka7 Kc5 62. Kb8 Kd6 63. Ka7 Kc7 64. Ka8 f1=Q 65. Ka7 Qa1# 0-1

[Event "January 9 Late 2024"]
[Site "https://www.chess.com"]
[Date "2024.01.09"]
[Round "4"]
[White "Lund, Gunnar"]
[Black "Silva Lucena, Cristian"]
[Result "0-1"]
[Board "91"]
[TimeControl "180+1"]
[WhiteFideId "1520814"]
[BlackFideId "2232588"]
[WhiteElo "2680"]
[BlackElo "2485"]
[WhiteTeam "NOR"]
[BlackTeam "ESP"]
[WhiteClock "0:01:10"]
[BlackClock "0:01:16"]

1. d4 Nf6 2. c4 g6 3. Nc3 d5 4. Nf3 Bg7 5. Qb3 dxc4 6. Qxc4 O-O 7. e4 a6 8. Be2 b5 9. Qb3 Nc6 10. d5 Na5 11. Qc2 c6 12. Bd2 cxd5 13. Nxd5 Nxd5 14. exd5 Bf5 15. Qd1 Nc4 16. Bc3 Nxb2 17. Qd2 Bxc3 18. Qxc3 Na4 19. Qd4 Qa5+ 20. Qd2 Qxd2+ 21. Nxd2 Nc3 22. Bf3 Rad8 23. O-O Nxd5 24. a4 b4 25. Nc4 Bd3 26. Rfc1 Nc3 27. Ne5 Rd6 28. Nc6 Rxc6 29. Bxc6 Ne2+ 30. Kh1 Nxc1 31. Rxc1 b3 32. Rc3 b2 0-1

[Event "January 9 Late 2024"]
[Site "https://www.chess.com"]
[Date "2024.01.09"]
[Round "4"]
[White "Djokic, Mihailo"]
[Black "Bellissimo, Joseph F."]
[Result "0-1"]
[Board "92"]
[TimeControl "180+1"]
[WhiteFideId "976440"]
[BlackFideId "2609843"]
[WhiteElo "2676"]
[BlackElo "2483"]
[WhiteTeam "SRB"]
[BlackTeam "CAN"]
[WhiteClock "0:00:00"]
[BlackClock "0:00:25"]

1. e4 e6 2. d4 d5 3. Nc3 Nf6 4. Bg5 dxe4 5. Nxe4 Be7 6. Bxf6 gxf6 7. Nf3 f5 8. Nc3 a6 9. g3 b5 10. Bg2 Bb7 11. O-O Bf6 12. Re1 O-O 13. Ne5 Bxg2 14. Kxg2 Qd6 15. Qf3 Nd7 16. Rad1 b4 17. Ne4 fxe4 18. Qg4+ Bg7 19. Qxe4 Nxe5 20. dxe5 Qc5 21. Rd4 Rad8 22. Rc4 Qb6 23. Rxb4 Qa5 24. a3 Rd2 25. Ra4 Qb6 26. Re3 Qxb2 27. Rc4 Rd5 28. f4 Rd2+ 29. Kh3 Qc1 30. Re1 Qxa3 31. Rxc7 Qa5 32. Rc6 Rfd8 33. Rb1 h6 34. Rb7 Qa1 35. f5 Qf1+ 36. Kg4 R2d4 37. Qxd4 Rxd4+ 0-1

[Event "January 9 Late 2024"]
[Site "https://www.chess.com"]
[Date "2024.01.09"]
[Round "4"]
[White "Shohat, Yotam"]
[Black "Annaberdiyev, Meylis"]
[Result "1/2-1/2"]
[Board "93"]
[TimeControl "180+1"]
[WhiteFideId "2813955"]
[BlackFideId "14000563"]
[WhiteElo "2483"]
[BlackElo "2676"]
[WhiteTeam "ISR"]
[BlackTeam "TKM"]
[WhiteClock "0:00:11"]
[BlackClock "0:00:09"]

1. e4 c5 2. Nf3 Nc6 3. Bb5 g6 4. c3 Bg7 5. O-O Nf6 6. d4 cxd4 7. cxd4 d5 8. e5 Ne4 9. Nfd2 O-O 10. Nxe4 dxe4 11. Bxc6 bxc6 12. Nc3 c5 13. Be3 Ba6 14. Re1 Bd3 15. dxc5 Bxe5 16. Qd2 Qc7 17. f4 Bg7 18. b4 Rad8 19. Rac1 e5 20. Qf2 f5 21. a4 g5 22. g3 Kh8 23. Red1 exf4 24. gxf4 Rg8 25. fxg5 Be5 26. Nb5 Qf7 27. Bf4 h6 28. Bxe5+ Kh7 29. Bf4 Qh5 30. Be3 f4 31. Qxf4 Rdf8 32. Qg3 Rf3 33. Qc7+ Rg7 34. Qe5 Rxe3 35. Qf5+ Rg6 36. Qf7+ Kh8 37. Qe8+ Kh7 38. Qf7+ Kh8 39. Qe8+ Kh7 40. Qf7+ 1/2-1/2

[Event "January 9 Late 2024"]
[Site "https://www.chess.com"]
[Date "2024.01.09"]
[Round "4"]
[White "Ozates, Tuna"]
[Black "Li, Tedric"]
[Result "0-1"]
[Board "95"]
[TimeControl "180+1"]
[WhiteFideId "6354521"]
[BlackFideId "3242897"]
[WhiteElo "2674"]
[BlackElo "2466"]
[WhiteTeam "TUR"]
[BlackTeam "AUS"]
[WhiteClock "0:00:04"]
[BlackClock "0:00:09"]

1. e4 c6 2. d4 d5 3. e5 Bf5 4. Nf3 e6 5. Be2 Nd7 6. O-O Bg6 7. Nbd2 Nh6 8. Nb3 Nf5 9. c3 Be7 10. a4 O-O 11. a5 a6 12. g4 Nh4 13. Nxh4 Bxh4 14. f4 f5 15. g5 h6 16. gxh6 gxh6 17. Kh1 Kh7 18. Rg1 Rg8 19. Be3 Bf7 20. Qd2 Qe7 21. Bf3 Raf8 22. Rxg8 Rxg8 23. Ra4 Qe8 24. Rb4 Bh5 25. Bg2 Qc8 26. c4 Be7 27. c5 Nf8 28. Nc1 Ng6 29. Bf2 Bh4 30. Nd3 Rg7 31. Bg3 Qd8 32. Rb6 Qe8 33. Qb4 Qc8 34. Qb3 Bd8 35. Kg1 Bxb6 36. cxb6 Nf8 37. Qb4 Qd8 38. Kf2 Qe7 39. Nc5 Nd7 40. Ke3 Nxc5 41. Qxc5 Qxc5 42. dxc5 d4+ 43. Kxd4 Rd7+ 44. Kc3 Rd1 45. Bh4 Rg1 46. Bxc6 bxc6 47. Be7 Rg8 48. Bd6 Bf3 49. b4 Kg6 50. b7 Kh5 51. Kd4 Kg4 52. Ke3 Bd5 53. b8=Q Rxb8 54. Bxb8 Kh3 55. Bd6 Kxh2 56. Be7 Kh3 57. Kf2 Kg4 58. Ke3 h5 59. Kd4 Kxf4 60. b5 cxb5 61. c6 Bxc6 62. Kc5 Bd5 63. Kb6 b4 64. Bxb4 Bc4 65. Be1 Kxe5 66. Kc5 Bb5 67. Kb4 Kf4 68. Kc3 Kf3 69. Kd4 Kf4 70. Bd2+ Kg4 71. Ke5 h4 72. Kxe6 h3 0-1

[Event "January 9 Late 2024"]
[Site "https://www.chess.com"]
[Date "2024.01.09"]
[Round "4"]
[White "Baziuk, Vladyslav"]
[Black "Sliwicki, Damian"]
[Result "1-0"]
[Board "96"]
[TimeControl "180+1"]
[WhiteFideId "34107940"]
[BlackFideId "1127128"]
[WhiteElo "2673"]
[BlackElo "2455"]
[WhiteTeam "UKR"]
[BlackTeam "POL"]
[WhiteClock "0:00:33"]
[BlackClock "0:00:10"]

1. e4 c5 2. Nf3 g6 3. d4 cxd4 4. Nxd4 Nc6 5. Nc3 Bg7 6. Be3 Nf6 7. f3 O-O 8. Bc4 Qb6 9. Bb3 Nxe4 10. Nd5 Qa5+ 11. c3 Nd6 12. Nxc6 dxc6 13. Nxe7+ Kh8 14. Qxd6 Be6 15. Bxe6 fxe6 16. O-O Rad8 17. Qc5 Qc7 18. Bg5 Rd7 19. Rad1 Re8 20. Rxd7 Qxd7 21. Qxa7 h6 22. Nxg6+ Kh7 23. Bxh6 Bxh6 24. Ne5 Qg7 25. Ng4 Bf4 26. Qd4 Qxd4+ 27. cxd4 Rd8 28. g3 Bg5 29. f4 Be7 30. Re1 Rxd4 31. Rxe6 Bc5 32. Kf1 Rd2 33. Re2 Rd1+ 34. Kg2 Kg6 35. Ne5+ Kf5 36. h4 Rg1+ 37. Kh3 Rh1+ 38. Rh2 Ra1 39. a3 Bd4 40. h5 Re1 41. Nf3 Re4 42. Nxd4+ Rxd4 43. Re2 Rd1 44. Re5+ Kf6 45. Kg4 Rd2 46. b4 Rd3 47. b5 Rxa3 48. bxc6 bxc6 49. Rc5 Ra6 50. Rg5 Kf7 51. Rg6 Rb6 52. f5 Rb4+ 53. Kg5 c5 54. g4 Rc4 55. Rc6 Rc1 56. h6 c4 57. h7 Kg7 58. Rc7+ Kh8 59. Kg6 Rh1 60. Rc8# 1-0

[Event "January 9 Late 2024"]
[Site "https://www.chess.com"]
[Date "2024.01.09"]
[Round "4"]
[White "Niedbala, Bartlomiej"]
[Black "Gheorghiu, Calin"]
[Result "1-0"]
[Board "97"]
[TimeControl "180+1"]
[WhiteFideId "21834008"]
[BlackFideId "1200305"]
[WhiteElo "2672"]
[BlackElo "2445"]
[WhiteTeam "POL"]
[BlackTeam "ROU"]
[WhiteClock "0:00:11"]
[BlackClock "0:00:39"]

1. e4 d6 2. d4 g6 3. f4 Bg7 4. Nc3 Nf6 5. Nf3 O-O 6. e5 dxe5 7. fxe5 Ng4 8. h3 Nh6 9. Bc4 c5 10. d5 Nd7 11. Bf4 Qc7 12. O-O Nf5 13. d6 exd6 14. Nd5 Qd8 15. exd6 Nf6 16. Nc7 Rb8 17. g4 Nd4 18. Nxd4 cxd4 19. Be5 b5 20. Qxd4 bxc4 21. Bxf6 Bxf6 22. Rxf6 Bb7 23. Raf1 Qd7 24. Qxc4 Rbc8 25. Qc5 Qa4 26. b4 Qxa2 27. d7 Rxc7 28. Qxf8+ Kxf8 29. Rxf7+ 1-0

[Event "January 9 Late 2024"]
[Site "https://www.chess.com"]
[Date "2024.01.09"]
[Round "4"]
[White "Jarocka, Liwia"]
[Black "Rosen, Eric"]
[Result "0-1"]
[Board "98"]
[TimeControl "180+1"]
[WhiteFideId "21807558"]
[BlackFideId "2032562"]
[WhiteElo "2421"]
[BlackElo "2669"]
[WhiteTeam "POL"]
[BlackTeam "USA"]
[WhiteClock "0:00:00"]
[BlackClock "0:00:34"]

1. e4 c5 2. Nf3 e6 3. c3 d5 4. exd5 Qxd5 5. d4 Nf6 6. Na3 Nc6 7. Nb5 Qd8 8. dxc5 Bxc5 9. Qxd8+ Kxd8 10. Bf4 Ne4 11. Bg3 a6 12. O-O-O+ Ke7 13. Nbd4 Nxd4 14. Nxd4 Bd7 15. f3 Nxg3 16. hxg3 h6 17. Kb1 b5 18. g4 Rhc8 19. Be2 b4 20. cxb4 Bxb4 21. Nc2 Bc5 22. Bd3 a5 23. Rhe1 Rab8 24. Ne3 a4 25. Bc2 Bc6 26. Nf5+ Kf8 27. Nd6 Rc7 28. Ne4 Ba3 29. b3 Bd5 30. Rd3 Rbc8 31. Re2 Rb8 32. Nc3 Bc4 0-1

[Event "January 9 Late 2024"]
[Site "https://www.chess.com"]
[Date "2024.01.09"]
[Round "4"]
[White "Kleiman, Jake"]
[Black "Atanejhad, Sahebali"]
[Result "1-0"]
[Board "99"]
[TimeControl "180+1"]
[WhiteFideId "2020041"]
[BlackFideId "12506664"]
[WhiteElo "2669"]
[BlackElo "2411"]
[WhiteTeam "USA"]
[BlackTeam "IRI"]
[WhiteClock "0:00:19"]
[BlackClock "0:00:15"]

1. e4 e5 2. Nf3 Nc6 3. Bc4 Bc5 4. d3 d6 5. c3 Nf6 6. O-O a5 7. Bb3 h6 8. Nbd2 O-O 9. h3 Be6 10. Bc2 Re8 11. Re1 Ba7 12. Nf1 Ne7 13. Ng3 Ng6 14. d4 exd4 15. Nxd4 Bd7 16. Kh1 c6 17. f4 Nh4 18. Be3 Qc8 19. Kh2 Bb8 20. Bf2 Nxg2 21. Kxg2 Bxh3+ 22. Kg1 Bg4 23. Qd3 c5 24. Ndf5 c4 25. Qd2 d5 26. e5 Ne4 27. Nxe4 dxe4 28. Ng3 f5 29. exf6 Bf3 30. Qd5+ Kh7 31. Re3 Qg4 32. Rxf3 Qxf3 33. Bxe4+ Rxe4 34. Qxe4+ Qxe4 35. Nxe4 Bxf4 36. fxg7 Kxg7 37. Bd4+ Kg6 38. Kf2 Kf5 39. Kf3 Rg8 40. Rh1 Bg5 41. Nxg5 hxg5 42. Rh7 g4+ 43. Kg3 b5 44. Rh5+ Ke4 45. Rxb5 Kd3 46. Rxa5 Kc2 47. Rb5 Kd3 48. a4 Ra8 49. a5 Kc2 50. Kxg4 Ra6 51. Kf5 Kd3 52. Ke5 Kc2 53. Kd5 Kd3 54. Kc5 Ra8 55. Kc6 Rc8+ 56. Kb7 Rf8 57. a6 Rf7+ 58. Kb6 Re7 59. a7 Re6+ 60. Ka5 Re8 61. Rb8 1-0

[Event "January 9 Late 2024"]
[Site "https://www.chess.com"]
[Date "2024.01.09"]
[Round "4"]
[White "Figorito, Nick"]
[Black "Boyer, Mahel"]
[Result "0-1"]
[Board "100"]
[TimeControl "180+1"]
[WhiteFideId "30923689"]
[BlackFideId "45102422"]
[WhiteElo "2411"]
[BlackElo "2669"]
[WhiteTeam "USA"]
[BlackTeam "FRA"]
[WhiteClock "0:00:03"]
[BlackClock "0:00:40"]

1. Nf3 d6 2. g3 e5 3. Bg2 g6 4. O-O Bg7 5. c4 Nf6 6. Nc3 O-O 7. d3 a5 8. Bg5 h6 9. Bxf6 Qxf6 10. a3 Qd8 11. Rb1 f5 12. Ne1 Nd7 13. Nc2 a4 14. Nb4 Nc5 15. e3 c6 16. d4 exd4 17. exd4 Nb3 18. Nxa4 Nxd4 19. Nc3 f4 20. Nc2 Nxc2 21. Qxc2 f3 22. Bh1 Bf5 23. Qb3 Bxb1 24. Rxb1 Qe7 25. Na2 Qe2 26. Nc3 Bxc3 27. Qxc3 Rae8 28. h4 Re5 29. Qd4 Rf6 30. Qg4 Kg7 31. Qd7+ Re7 32. Qg4 Qe4 33. Qxe4 Rxe4 34. b3 Re2 35. b4 g5 36. hxg5 hxg5 37. g4 Re4 38. Rb3 Rxg4+ 39. Kf1 Rgf4 40. Ke1 g4 41. Kd2 Rh6 0-1

[Event "January 9 Late 2024"]
[Site "https://www.chess.com"]
[Date "2024.01.09"]
[Round "4"]
[White "Msellek, Ilyass"]
[Black "Haszon, David"]
[Result "1-0"]
[Board "101"]
[TimeControl "180+1"]
[WhiteFideId "675938"]
[BlackFideId "733610"]
[WhiteElo "2668"]
[BlackElo "2406"]
[WhiteTeam "MAR"]
[BlackTeam "HUN"]
[WhiteClock "0:01:41"]
[BlackClock "0:00:59"]

1. d4 Nf6 2. c4 c5 3. d5 b5 4. cxb5 a6 5. e3 axb5 6. Bxb5 Qa5+ 7. Nc3 Ne4 8. a4 Nxc3 9. bxc3 Qxc3+ 10. Bd2 Qe5 11. Nf3 Qxd5 12. O-O e6 13. Qc2 Be7 14. Bc3 O-O 15. Bd3 h6 16. Bh7+ Kh8 17. Be4 Qc4 18. Bxa8 Ba6 19. Ne5 Qh4 20. g3 Qh5 21. Bf3 Qh3 22. Bg4 Qxf1+ 23. Rxf1 Bxf1 24. Kxf1 f5 25. Ng6+ 1-0

[Event "January 9 Late 2024"]
[Site "https://www.chess.com"]
[Date "2024.01.09"]
[Round "4"]
[White "Vestby-Ellingsen, Mads"]
[Black "Bogaudinov, Rushan"]
[Result "1-0"]
[Board "102"]
[TimeControl "180+1"]
[WhiteFideId "1520857"]
[BlackFideId "4129288"]
[WhiteElo "2654"]
[BlackElo "2398"]
[WhiteTeam "NOR"]
[BlackTeam "RUS"]
[WhiteClock "0:00:03"]
[BlackClock "0:00:10"]

1. e4 a6 2. d4 e6 3. Bd3 b5 4. c3 Bb7 5. Nf3 c5 6. Qe2 c4 7. Bc2 d6 8. b3 cxb3 9. axb3 Nf6 10. O-O Be7 11. Nbd2 Qc7 12. Bb2 Nbd7 13. b4 Nb6 14. Bb3 d5 15. e5 Nfd7 16. Bc2 Nc4 17. Nxc4 dxc4 18. Be4 Nb6 19. Bc1 Bxe4 20. Qxe4 Nd5 21. Bd2 O-O 22. h4 a5 23. bxa5 Rxa5 24. Rab1 Rb8 25. Qg4 Bf8 26. h5 Ra2 27. h6 g6 28. Rfd1 Rxd2 29. Rxd2 Nxc3 30. Re1 Bxh6 31. Rc2 Nd5 32. Qh4 Bg7 33. Ng5 h6 34. Ne4 b4 35. Nc5 b3 36. Rxc4 b2 37. Rb1 Qa5 38. Qg3 Qa2 39. Qd3 Nf4 40. Qc2 g5 41. Nd3 Nxd3 42. Qxd3 Bf8 43. Qc2 Ba3 44. Ra4 Qb3 45. Qxb3 Rxb3 46. Kf1 Bb4 47. Ke2 Bc3 48. Kd1 Bb4 49. Kc2 Ra3 50. Rxb4 Kg7 51. Kd2 h5 52. Ke2 Rc3 53. R4xb2 Rc4 54. Kd3 Rc6 55. Rc2 Rc8 56. Rxc8 Kg6 57. Rg8+ Kf5 58. Rg7 h4 59. Rxf7+ Kg6 60. Rf6+ Kh5 61. Rh1 Kg4 62. f3+ Kg3 63. Rg6 Kf4 64. Rg7 Kf5 65. Rf7+ Kg6 66. Rf6+ Kh5 67. g4# 1-0

[Event "January 9 Late 2024"]
[Site "https://www.chess.com"]
[Date "2024.01.09"]
[Round "4"]
[White "Principe, Gerson"]
[Black "Hoffmann, Asa"]
[Result "1-0"]
[Board "103"]
[TimeControl "180+1"]
[WhiteFideId "3804550"]
[BlackFideId "2001470"]
[WhiteElo "2648"]
[BlackElo "2385"]
[WhiteTeam "PER"]
[BlackTeam "USA"]
[WhiteClock "0:02:17"]
[BlackClock "0:01:27"]

1. Nf3 Nf6 2. b3 d6 3. d4 Bf5 4. Bb2 Nbd7 5. e3 c6 6. Bd3 Bg6 7. O-O Qc7 8. c4 e5 9. Bxg6 hxg6 10. Nc3 e4 11. Nd2 d5 12. f4 exf3 13. Nxf3 Bd6 14. h3 O-O-O 15. Rc1 Kb8 16. cxd5 Rde8 17. dxc6 bxc6 18. Nb5 cxb5 19. Rxc7 Bxc7 20. Qd3 a6 21. Nd2 Bb6 22. e4 Rh4 23. Qg3+ Bc7 24. Qxh4 1-0

[Event "January 9 Late 2024"]
[Site "https://www.chess.com"]
[Date "2024.01.09"]
[Round "4"]
[White "Gao, Raymond"]
[Black "Sun, Rick"]
[Result "0-1"]
[Board "104"]
[TimeControl "180+1"]
[WhiteFideId "2629429"]
[BlackFideId "30909481"]
[WhiteElo "2379"]
[BlackElo "2646"]
[WhiteTeam "CAN"]
[BlackTeam "USA"]
[WhiteClock "0:00:06"]
[BlackClock "0:00:29"]

1. e4 d6 2. d4 Nf6 3. Nc3 Nbd7 4. Bc4 e5 5. Nf3 Be7 6. O-O O-O 7. h3 c6 8. a4 Qc7 9. a5 h6 10. Re1 Re8 11. Be3 Nf8 12. Qe2 Ng6 13. Bb3 Bf8 14. d5 c5 15. Ba4 Bd7 16. a6 b6 17. g3 Bxh3 18. Bxe8 Rxe8 19. Nh2 Be7 20. Qf3 Qd7 21. b3 Ng4 22. Nxg4 Bxg4 23. Qg2 f5 24. f3 f4 25. gxf4 exf4 26. Qxg4 Qxg4+ 27. fxg4 fxe3 28. Nb5 Bf6 29. Ra4 Re7 30. Nxd6 Nh4 31. Rxe3 Bd4 32. Rxd4 cxd4 33. Rd3 Rd7 34. Nf5 Ng6 35. Rxd4 Ne5 36. c4 g6 37. Ne3 Nf3+ 38. Kf2 Nxd4 39. e5 Nxb3 40. e6 Re7 41. g5 hxg5 42. Kf3 Nc5 43. Kg4 Nxe6 44. dxe6 Rxe6 45. Nd5 Kg7 46. Kxg5 Rc6 47. Ne3 Rc5+ 48. Kf4 b5 49. cxb5 Rxb5 50. Ke4 Ra5 51. Nd5 Rxa6 52. Nc7 Ra1 53. Ne6+ Kf6 54. Nd4 Ra4 55. Ke3 Rxd4 56. Kxd4 g5 0-1